[Event "Late-Titled-Tuesday-Blitz-April-23-2024"]
[Site "Chess.com"]
[Date "2024.04.23"]
[Round "7"]
[White "GoltsevDmitry2000"]
[Black "Bugcrusher"]
[Result "1/2-1/2"]
[WhiteElo "2751"]
[BlackElo "2531"]
[TimeControl "180+1"]
[EndTime "15:20:09 PDT"]
[Termination "Game drawn - insufficient material"]

1. e4 e6 2. d4 d5 3. exd5 exd5 4. Nf3 Nc6 5. c4 Nf6 6. Nc3 Be6 7. cxd5 Nxd5 8. Bb5 Bb4 9. Bd2 O-O 10. O-O a6 11.
Bd3 Be7 12. Re1 Bf6 13. Ne5 Nxd4 14. Rc1 c5 15. Nxd5 Bxd5 16. Rxc5 Nc6 17. Bc3 g6 18. Ng4 Bxc3 19. bxc3 Be6 20. Ne3 Qd6 21. Rg5 Rad8 22.
Bc2 Qxd1 23. Rxd1 Rxd1+ 24. Bxd1 Bxa2 25. c4 Rd8 26. Bf3 Nd4 27. Bxb7 Rb8 28. Be4 Bb1 29. Bd5 h6 30. Re5 Ne2+ 31. Kh1 Nc3 32. h3 Nxd5 33.
Rxd5 Ba2 34. Rd7 Rc8 35. Rd4 a5 36. Kh2 a4 37. c5 Rxc5 38. Rxa4 Be6 39. Ra8+ Kg7 40.
Ra7 h5 41. Rb7 Re5 42. Rb2 Rc5 43. g4 hxg4 44. hxg4 Re5 45. Kg3 Rc5 46. Re2 Re5 47.
Rd2 Rc5 48. Kf4 Ra5 49. Re2 Ra4+ 50. Kg3 Ra5 51. f3 Ra3 52. Kf2 Ra2 53. Rxa2 Bxa2 54. Nc2 Be6 55. Nd4 Bd7 56. Ke3 g5 57. Ke4 Kg6 58.
Ke5 Bc8 59. Ke4 Bb7+ 60. Ke5 Bc8 61. Kd6 f5 62. gxf5+ Bxf5 63. Ke5 Bc8 64. Ke4 Bb7+ 65. Ke3 Bxf3 66. Nxf3 g4 67. Ne5+ Kf5 68. Nxg4 1/2-1/2

[Event "Late-Titled-Tuesday-Blitz-April-23-2024"]
[Site "Chess.com"]
[Date "2024.04.23"]
[Round "7"]
[White "jcmesafischer"]
[Black "Bala-Afiada"]
[Result "1/2-1/2"]
[WhiteElo "2356"]
[BlackElo "1979"]
[TimeControl "180+1"]
[EndTime "15:20:09 PDT"]
[Termination "Game drawn by repetition"]

1. e4 c5 2. Nc3 Nc6 3. g3 g6 4.
Bg2 Bg7 5. d3 d6 6. Be3 e6 7. f4 Nge7 8. Nf3 Nd4 9. O-O Nec6 10.
Qd2 O-O 11. Nd1 Rb8 12. c3 Nxf3+ 13. Bxf3 f5 14. Nf2 Bd7 15. d4 cxd4 16. cxd4 Qa5 17. Qxa5 Nxa5 18. e5 d5 19. b3 Rbc8 20. Rfc1 Rxc1+ 21.
Rxc1 Rc8 22. Rxc8+ Bxc8 23. Nd3 b6 24. Kf2 Bf8 25.
Bd2 Nc6 26. Ke3 Ba6 27. Be2 Kf7 28. Nc1 Bxe2 29. Nxe2 Bb4 30. Nc1 Bxd2+ 31. Kxd2 Nxd4 32. Kd3 Nc6 33. a3 Ke7 34. b4 a5 35. b5 Nd8 36.
Kd4 Kd7 37. a4 h6 38. h3 Nf7 39. Ne2 Nd8 40. Nc1 Nb7 41. Nb3 Kc7 42. h4 Nd8 43. Nc1 Nf7 44. Nd3 g5 45. hxg5 hxg5 46. Ne1 gxf4 47.
gxf4 Nh6 48. Nf3 Ng4 49. Ng5 Kd7 50. Nf7 Nf2 51. Nh8 Nh3 52. Ke3 Ng1 53. Ng6 Nh3 54.
Nf8+ Ke7 55. Ng6+ Kf7 56. Nh4 Ng1 57. Ng2 Kg6 58. Kf2 Nh3+ 59. Kg3 Ng1 60. Kf2 Nh3+ 61.
Kg3 Ng1 62. Kf2 1/2-1/2

[Event "Late-Titled-Tuesday-Blitz-April-23-2024"]
[Site "Chess.com"]
[Date "2024.04.23"]
[Round "7"]
[White "BabageldiAnnaberdiyev"]
[Black "chessdjw"]
[Result "1-0"]
[WhiteElo "2608"]
[BlackElo "2781"]
[TimeControl "180+1"]
[EndTime "15:20:10 PDT"]
[Termination "BabageldiAnnaberdiyev won by resignation"]

1. e4 c5 2. Nf3 d6 3. d3 g6 4.
Nbd2 Bg7 5. g3 Nc6 6. Bg2 b5 7. O-O Rb8 8. Re1 e5 9. a4 a6 10. axb5 axb5 11. Nf1 Nge7 12. h4 h6 13. N1h2 Be6 14.
Be3 Qd7 15. c3 Bh3 16. d4 Bxg2 17. Kxg2 exd4 18. cxd4 O-O 19. dxc5 d5 20. exd5 Nxd5 21. Qc1 Ncb4 22. Rd1 h5 23. Bf4 Rbc8 24. Bd6 Rfe8 25.
Qg5 Qc6 26. g4 Re2 27. gxh5 Bf6 28. Qg3 Ne3+ 29. Kg1 Nxd1 30. Rxd1 Qe4 31. Ng4 Bxb2 32. hxg6 fxg6 33. h5 Nd3 34. h6 Ne1 35. h7+ Kh8 36. Ng5 Qf5 37. Nh6 Qc2 38. Nhf7+ Kg7 39. Rxe1 Rxe1+ 40.
Kg2 Qf5 41. h8=Q+ Rxh8 42. Nxh8 Qd5+ 43. Nf3 Kxh8 44. Qxg6 Qg8 45. Qxg8+ Kxg8 46. Nxe1 Kf7 47. Nd3 Bc3 48. c6 Ke6 49. Bf4 b4 50. c7 Kd7 51.
Nc5+ Kc8 52. Nb3 Bf6 53. Kf3 Be7 54. Ke4 Bc5 55. f3 Bb6 56. Be5 Bxc7 57. Bxc7 Kxc7 58. Kd4 Kd6 59. Ke4 Ke6 60. f4 Kf6 61. Nd4 Kg6 62. Kd3 Kf6 63. Kc4 Kg6 64. Kxb4 Kh5 65. Kc4 Kg4 66. f5 Kg5 67. Kd5 Kf6 68. Ke4 Kg5 69. Ke5 1-0

[Event "Late-Titled-Tuesday-Blitz-April-23-2024"]
[Site "Chess.com"]
[Date "2024.04.23"]
[Round "7"]
[White "VD_coach"]
[Black "kalinchick"]
[Result "1-0"]
[WhiteElo "2593"]
[BlackElo "2445"]
[TimeControl "180+1"]
[EndTime "15:20:11 PDT"]
[Termination "VD_coach won on time"]

1. Nf3 e6 2. d4 d5 3. c4 Nf6 4. Nc3 Be7 5. cxd5 exd5 6. Bg5 O-O 7. e3 Nbd7 8. Bd3 h6 9. Bh4 c6 10. Qc2 Re8 11. O-O Ne4 12. Bg3 Nxg3 13. hxg3 Bd6 14. e4 dxe4 15. Nxe4 Bf8 16. Rfe1 Nb6 17. Rad1 Be6 18.
Ne5 Nd5 19. a3 a5 20. Nc5 Bxc5 21. Qxc5 Qe7 22. Qc2 Qc7 23. Re2 Qb6 24. Bh7+ Kf8 25. Bf5 Rad8 26. Bxe6 Rxe6 27. Qf5 Qc7 28. Qh7 Ne7 29.
Rde1 Rf6 30. Ng4 Ng8 31. Nxf6 Nxf6 32. Qf5 Qd6 33. Qe5 Kg8 34. Qxd6 Rxd6 35. Re7 b5 36.
Rc7 Nd5 37. Re8+ Kh7 38. Rxf7 Nf6 39. Rc8 Rxd4 40. Rxf6 gxf6 41. Rxc6 Kg6 42. Rb6 Rd5 43. f3 Rc5 44. b4 axb4 45. axb4 Rd5 46. g4 Kg5 47.
Kh2 f5 48. gxf5 Rxf5 49. Kg3 Rd5 50. Re6 Rd4 51. Re5+ Kg6 52. Rxb5 Rc4 53. Rb6+ Kg5 54. Rb8 Rc1 55. b5 Rb1 56. b6 Kh5 57. b7 Rb2 58. f4 Rb3+ 59. Kf2 Kh4 60. f5 Kh5 61. f6 Rb6 62. f7 Rf6+ 63. Kg1 Rxf7 64. g4+ Kh4 65. g5 Rg7 66. Kh2 1-0

[Event "Late-Titled-Tuesday-Blitz-April-23-2024"]
[Site "Chess.com"]
[Date "2024.04.23"]
[Round "7"]
[White "BogdanDeac"]
[Black "Cayse"]
[Result "1/2-1/2"]
[WhiteElo "3038"]
[BlackElo "2824"]
[TimeControl "180+1"]
[EndTime "15:20:13 PDT"]
[Termination "Game drawn by repetition"]

1. e4 e5 2. Nf3 Nc6 3. d4 exd4 4.
Nxd4 Nf6 5. Nxc6 bxc6 6. e5 Qe7 7. Qe2 Nd5 8. h4 a5 9. c4 Ba6 10. g3 g6 11. Qe4 f5 12. Qe2 Bg7 13. f4 Nb6 14. Nd2 d6 15. exd6 cxd6 16. Qxe7+ Kxe7 17. Rb1 Rab8 18. b3 Na4 19. Nf3 Nc3 20. Bb2 Rhe8 21. Bxc3 Bxc3+ 22. Kf2 a4 23. Bd3 Kf8 24. h5 axb3 25.
axb3 Bf6 26. hxg6 hxg6 27. Rh7 Rb7 28. Rxb7 Bxb7 29. b4 Ra8 30. c5 Ra2+ 31. Ke3 Ra3 32. Ke2 Ke7 33. cxd6+ Kxd6 34. Rd1 Kc7 35. Rc1 Kb6 36. Ne5 Bxe5 37. fxe5 Bc8 38. Rg1 g5 39. Rh1 f4 40. gxf4 gxf4 41. Kd2 Rb3 42. Rh6 Rxb4 43.
e6 Rb2+ 44. Kc3 Rg2 45. e7 Rg8 46. Rf6 Re8 47. Rxf4 Rxe7 48. Re4 Ra7 49. Rb4+ Kc7 50. Rf4 Ra3+ 51. Kd2 Be6 52. Rh4 Bd5 53. Rg4 Kd6 54.
Rh4 c5 55. Bc4 Bf3 56. Rh6+ Ke5 57. Rh4 Ra4 58. Kc3 Be2 59. Kb3 Rb4+ 60. Kc3 Ra4 61. Kb3 Rb4+ 62. Kc3 Ra4 1/2-1/2

[Event "Late-Titled-Tuesday-Blitz-April-23-2024"]
[Site "Chess.com"]
[Date "2024.04.23"]
[Round "7"]
[White "kingofthenil"]
[Black "Hrant_ChessMood"]
[Result "1-0"]
[WhiteElo "2806"]
[BlackElo "2938"]
[TimeControl "180+1"]
[EndTime "15:20:13 PDT"]
[Termination "kingofthenil won on time"]

1. d4 Nf6 2. c4 g6 3. h4 c5 4. d5 b5 5. cxb5 a6 6. e3 Bg7 7.
Nc3 d6 8. a4 O-O 9. Ra3 e6 10.
dxe6 Bxe6 11. Nh3 Bxh3 12. Rxh3 d5 13. Be2 axb5 14. Nxb5 Nc6 15. Bf3 h5 16. Bd2 Rc8 17.
Kf1 d4 18. exd4 cxd4 19. Bg5 Qb6 20. Rb3 Qc5 21. Rd3 Ne5 22. Rxd4 Nxf3 23. gxf3 Nh7 24.
Rd5 Qc4+ 25. Kg2 Nxg5 26. hxg5 Bxb2 27. Nd6 Qf4 28. Nxc8 Rxc8 29. Rd8+ Rxd8 30. Qxd8+ Kg7 31. a5 Bd4 32. Rh1 h4 33. Qd5 Qd2 34. Rf1 Qf4 35. a6 Kg8 36. Qe4 Qxg5+ 37. Qg4 Qf6 38. Rd1 Bb6 39.
Rb1 Kg7 40. Rb5 Ba7 41. Rb7 Qxa6 42. Rd7 Qb6 43. Kh3 Qxf2 44. Qxh4 Qxf3+ 45. Qg3 Qh1+ 46. Qh2 Qf3+ 47. Qg3 Qf1+ 48. Qg2 Qa1 49. Qf3 Qa2 50. Qc3+ Kh7 51. Qf3 Qe6+ 52. Qg4 Qb3+ 53. Qg3 1-0

[Event "Late-Titled-Tuesday-Blitz-April-23-2024"]
[Site "Chess.com"]
[Date "2024.04.23"]
[Round "7"]
[White "Mikhail_Bryakin"]
[Black "GelmanAlexander"]
[Result "1-0"]
[WhiteElo "2823"]
[BlackElo "2628"]
[TimeControl "180+1"]
[EndTime "15:20:15 PDT"]
[Termination "Mikhail_Bryakin won on time"]

1. e4 c5 2. d4 cxd4 3. Qxd4 Nc6 4. Qd3 e6 5. Nc3 a6 6. Bf4 b5 7. Nf3 Bb7 8. Be2 Rc8 9. O-O Nf6 10. e5 Nb4 11. Qd2 Nfd5 12. Nxd5 Nxd5 13. Bg5 Be7 14. c3 Bxg5 15. Nxg5 O-O 16. Ne4 Ba8 17. Nd6 Rb8 18.
b3 Qh4 19. g3 Qh3 20. Bf3 f6 21. c4 bxc4 22. bxc4 fxe5 23. Bxd5 exd5 24. cxd5 Rb6 25. Ne4 Rh6 26. f3 Kh8 27. Rf2 Rb6 28. Rd1 h6 29.
Qe3 Rfb8 30. Rfd2 Qf5 31. Nc5 a5 32. Qe4 Qf7 33. Qxe5 Rb1 34. f4 Rxd1+ 35. Rxd1 Re8 36. Qd4 Qe7 37. Nb3 a4 38. Nc1 a3 39. Kf2 Rb8 40.
Nd3 Qf7 41. Ne5 Qh5 42. Kg2 Rb2+ 43. Rd2 Qd1 44. Qxb2 Bxd5+ 45. Kf2 axb2 46. Rxd1 Bxa2 47. Nxd7 b1=Q 48. Rxb1 Bxb1 49. Ke3 Bc2 50. Kd4 Bb1 51. Ke5 Kh7 52. Nf8+ Kg8 53. Ne6 Kh7 54. f5 Bc2 55. g4 Bd1 56. h3 Be2 57. Nf4 Bf1 58. h4 Kh8 59. Ng6+ Kh7 60. Nf4 Kh8 61. Ke6 Kh7 62.
Kf7 Bc4+ 63. Kf8 Bb3 64. Ne6 g6 65. Ke7 gxf5 66. gxf5 Bd1 67. f6 Bh5 68. Nf4 1-0

[Event "Late-Titled-Tuesday-Blitz-April-23-2024"]
[Site "Chess.com"]
[Date "2024.04.23"]
[Round "7"]
[White "DamianoLew95"]
[Black "Slovineanu"]
[Result "1-0"]
[WhiteElo "2746"]
[BlackElo "2492"]
[TimeControl "180+1"]
[EndTime "15:20:20 PDT"]
[Termination "DamianoLew95 won on time"]

1. e4 c6 2. Nf3 d5 3. d3 dxe4 4. dxe4 Qc7 5. Bd3 e5 6. Qe2 Nf6 7. h3 Bc5 8. Nbd2 O-O 9. Nc4 Nbd7 10. a4 a5 11. O-O Re8 12. Ne3 Nf8 13. Nc4 Ng6 14. Kh2 b5 15. Na3 Bxa3 16. Rxa3 b4 17. Ra1 Nf4 18. Bxf4 exf4 19. Rfe1 h6 20. Rad1 Be6 21.
e5 Nd5 22. Qe4 g6 23. Nd4 Rad8 24. Qf3 Bd7 25. e6 Bxe6 26. Nxe6 Rxe6 27. Rxe6 fxe6 28.
Bxg6 Qe5 29. b3 Kg7 30. Be4 Kf6 31. Rd2 Rg8 32. Bd3 Qc3 33. Re2 Qd4 34. Bc4 Rg5 35.
Re4 Qc3 36. Bxd5 Qxf3 37. gxf3 cxd5 38. Rxf4+ Rf5 39. Rh4 Rxf3 40. Kg2 Rc3 41. Rxh6+ Ke5 42. Rh8 Rxc2 43. Ra8 Rc3 44. Rxa5 Rxb3 45. Rb5 Ke4 46. h4 e5 47. h5 d4 48. h6 Rc3 49. h7 Rc8 50. Rxb4 Rh8 51. Rb7 d3 52. Rd7 d2 53.
Rxd2 Rxh7 54. Ra2 Ra7 55. a5 Ra6 56. Kf1 Kf3 57. Ra3+ Kf4 58. Ke2 e4 59. Ra4 Ke5 60. Ke3 Kf5 61. Kd4 Rd6+ 62. Kc5 Rd8 63. a6 Kf4 64. a7 Kf3 65. Kb6 Re8 66. Ra2 1-0

[Event "Late-Titled-Tuesday-Blitz-April-23-2024"]
[Site "Chess.com"]
[Date "2024.04.23"]
[Round "7"]
[White "Kavyev_Ruslan"]
[Black "th3d4rkness"]
[Result "1-0"]
[WhiteElo "2376"]
[BlackElo "2129"]
[TimeControl "180+1"]
[EndTime "15:20:21 PDT"]
[Termination "Kavyev_Ruslan won on time"]

1. d4 Nf6 2. Nf3 g6 3. c4 Bg7 4. g3 O-O 5. Bg2 d6 6. O-O Nc6 7. Nc3 Bf5 8. Ne1 e5 9. d5 Ne7 10. e4 Bg4 11. f3 Bd7 12. Be3 Ne8 13. b4 f5 14. Nd3 a5 15. a3 axb4 16. axb4 Rxa1 17.
Qxa1 fxe4 18. fxe4 Rxf1+ 19. Bxf1 Nf6 20. Qa7 b6 21. h3 h5 22. c5 bxc5 23. bxc5 Kh7 24. c6 Bc8 25. Bg2 Bh6 26. Bf2 Bd2 27.
Nb5 Ne8 28. Kh2 Ng8 29. Nb2 Qf6 30. Nc4 Bb4 31. Nxc7 Qe7 32. Nb5 Qxa7 33. Nxa7 Ba6 34. Nb6 Ngf6 35. Nd7 Kg7 36. Nxf6 Kxf6 37. Bb6 Bc5 38.
Bxc5 dxc5 39. Kg1 Nd6 40. c7 Ke7 41. Nc6+ Kd7 42. Nb8+ Kc8 43. Nxa6 c4 44. h4 Kb7 45.
Nc5+ Kxc7 46. Ne6+ Kb6 47. Kf2 Kb5 48. Ke3 Kb4 49. Nf8 Kb3 50. Bf1 c3 51. Bd3 Nc4+ 52. Ke2 Nb2 53. Bb1 Nc4 54. Nxg6 Kb2 55. Bd3 Nd6 56.
Nxe5 c2 57. Bxc2 Kxc2 58. Ke3 Kc3 59. Nf3 Nc4+ 60. Kf4 Nd6 61. e5 Nf7 62. e6 Nd6 63. Ke5 Nc4+ 64. Kf6 Kd3 65. e7 Nd6 66. Ng5 1-0

[Event "Late-Titled-Tuesday-Blitz-April-23-2024"]
[Site "Chess.com"]
[Date "2024.04.23"]
[Round "7"]
[White "MagnusCarlsen"]
[Black "Msb2"]
[Result "1-0"]
[WhiteElo "3232"]
[BlackElo "3060"]
[TimeControl "180+1"]
[EndTime "15:20:25 PDT"]
[Termination "MagnusCarlsen won by checkmate"]

1. e4 e6 2. d3 d5 3. Qe2 Nc6 4. Nf3 e5 5. c3 Nf6 6. Qc2 Bd6 7. Be2 O-O 8. O-O Ne7 9. Re1 Ng6 10. Bf1 c6 11.
Nbd2 Re8 12. b3 h6 13. Bb2 Qc7 14. g3 Bd7 15. Bg2 Rad8 16. b4 dxe4 17. dxe4 c5 18. bxc5 Bxc5 19. Nb3 Ba4 20. Qe2 a6 21. c4 Bxb3 22.
axb3 Qb6 23. Qc2 Ng4 24. Re2 Nxf2 25. Rxf2 Bxf2+ 26. Qxf2 Qxb3 27. Bf1 Rd1 28. Nd2 Qc2 29. Rxd1 Qxd1 30. c5 a5 31. Nc4 a4 32. Nd6 Rf8 33. Kg2 Kh7 34. Bc4 f6 35. Qe2 Qb1 36. Ba3 Ne7 37. Qd3 Qa1 38. h4 Nc6 39. h5 Nd4 40.
Nb5 Rd8 41. Nd6 Qe1 42. Bd5 Ne2 43. Qf3 Qg1+ 44. Kh3 Nd4 45. Qg2 Qd1 46. Bf7 Qd3 47. Bg6+ Kg8 48. Qa2+ Nb3 49. Kg2 b6 50. Bf7+ Kh7 51.
Bg6+ Kg8 52. c6 Rxd6 53. Bxd6 Qxd6 54. Qxa4 Qd2+ 55. Kh3 Kf8 56. Qxb3 Ke7 57. Qf7+ Kd6 58. Qd7+ Kc5 59. Qxd2 b5 60. Qd5+ Kb4 61. Qd6+ Kb3 62. c7 f5 63. c8=Q fxe4 64. Bxe4 Kb2 65. Qb4+ Ka2 66. Qa6# 1-0

[Event "Late-Titled-Tuesday-Blitz-April-23-2024"]
[Site "Chess.com"]
[Date "2024.04.23"]
[Round "7"]
[White "katharinareinecke"]
[Black "dasatcu90"]
[Result "1-0"]
[WhiteElo "2057"]
[BlackElo "2193"]
[TimeControl "180+1"]
[EndTime "15:20:25 PDT"]
[Termination "katharinareinecke won on time"]

1. e4 c6 2. Nf3 d5 3. d3 Bg4 4. h3 Bxf3 5. Qxf3 e6 6. g3 Nf6 7.
Bg2 Nbd7 8. O-O Bd6 9. Bf4 e5 10.
Bg5 dxe4 11. dxe4 Qc7 12. Be3 O-O 13. Nd2 Rfe8 14. b3 Bc5 15. Nc4 b5 16. Nb2 Bxe3 17. Qxe3 Qb6 18. Rfd1 Qxe3 19. fxe3 Nc5 20. a4 a6 21. Rd6 Rac8 22. axb5 axb5 23. Ra7 Ncxe4 24. Bxe4 Nxe4 25. Rdd7 Rf8 26. Kg2 Nc5 27. Re7 Ne6 28. Nd3 Rce8 29. Nxe5 Rxe7 30. Rxe7 c5 31. c3 b4 32. cxb4 cxb4 33. Rb7 f6 34. Nc6 Nc5 35.
Rxb4 Ra8 36. Rb5 Ra2+ 37. Kf3 Nd3 38. b4 f5 39. g4 Rf2+ 40. Kg3 Re2 41. Rb8+ Kf7 42.
gxf5 Rxe3+ 43. Kg2 Ne1+ 44. Kf1 Nc2 45. b5 Rxh3 46.
b6 Rb3 47. b7 Ne3+ 48. Ke2 Nxf5 49. Nd8+ Kg6 50. Ra8 Nd4+ 51. Kf2 Rb2+ 52. Kf1 Rb1+ 53. Kg2 Rb2+ 54. Kf1 Rb1+ 55. Kf2 Rb2+ 56. Ke3 Nf5+ 57.
Kf3 Nd4+ 58. Ke3 Rxb7 59. Nxb7 Nf5+ 60. Kf2 h5 61. Ra6+ Kg5 62. Ra5 g6 63. Nd8 Kg4 64. Nf7 h4 65. Kg2 g5 66. Ne5+ Kh5 67.
Nf3 Ne3+ 68. Kh2 Ng4+ 69. Kg2 Ne3+ 70. Kf2 1-0

[Event "Late-Titled-Tuesday-Blitz-April-23-2024"]
[Site "Chess.com"]
[Date "2024.04.23"]
[Round "7"]
[White "h4parah5"]
[Black "Hikaru"]
[Result "0-1"]
[WhiteElo "3042"]
[BlackElo "3321"]
[TimeControl "180+1"]
[EndTime "15:20:26 PDT"]
[Termination "Hikaru won on time"]

1. Nf3 a6 2. g3 b5 3. Bg2 Bb7 4. O-O c5 5. d3 d5 6. e4 dxe4 7. Ng5 Nf6 8. Nc3 Nbd7 9. Ncxe4 Qb6 10. a4 h6 11. Nxf6+ Nxf6 12. a5 Qa7 13. Ne4 Nxe4 14. dxe4 Rd8 15. Qe2 e6 16. Be3 Qa8 17. f3 c4 18. Bb6 Rd7 19. Rfd1 Rxd1+ 20. Rxd1 Be7 21. b3 cxb3 22. cxb3 O-O 23. Qe3 Rc8 24. Bf1 Bc6 25. Be2 Be8 26. Rc1 Ba3 27. Rxc8 Qxc8 28. Qd2 e5 29. b4 Bd7 30. Bc5 Bh3 31. Qd6 Qe6 32. Qxe6 Bxe6 33. Kf2 Bb2 34. Bd3 Bc3 35. h4 h5 36. Be2 g6 37. g4 Kg7 38. gxh5 gxh5 39.
f4 exf4 40. Bxh5 Be5 41. Bf3 Bf6 42. h5 Bc8 43. Bd6 Bc3 44. e5 Kh6 45. Bd5 Kxh5 46.
Bxf7+ Kg5 47. Bb3 Bb7 48. e6 Bd4+ 49. Kf1 Bc6 50. e7 Kf6 51. Bxf4 Kxe7 52. Ke2 Be4 53. Be3 Bc3 54. Bc5+ Kf6 55. Ke3 Ke5 56. Bd1 Bb2 57. Bg4 Bc1+ 58. Ke2 Bb7 59. Bf3 Bxf3+ 60. Kxf3 Kd5 61.
Ke2 Kc4 62. Kd1 Ba3 63. Kc2 Bxb4 64. Bb6 Bd6 65. Bd8 Kd5 66. Kb3 Kc6 67. Bg5 Kd5 68. Bd8 Bg3 69. Bb6 Kc6 70. Bd4 Be1 71. Bb6 Bd2 72. Bd8 Bf4 73. Bb6 Bc7 0-1

[Event "Late-Titled-Tuesday-Blitz-April-23-2024"]
[Site "Chess.com"]
[Date "2024.04.23"]
[Round "7"]
[White "PositionalPanther"]
[Black "Mischuk_D"]
[Result "0-1"]
[WhiteElo "2544"]
[BlackElo "2775"]
[TimeControl "180+1"]
[EndTime "15:20:36 PDT"]
[Termination "Mischuk_D won by checkmate"]

1. Nf3 d5 2. g3 g6 3. c4 c6 4. Qa4 dxc4 5. Qxc4 Bg7 6. Bg2 Nf6 7.
O-O O-O 8. d3 a5 9. Nc3 Be6 10.
Qh4 Bg4 11. Ne5 Be6 12. Bh6 Nbd7 13. Nf3 Qb6 14. Ng5 Qxb2 15. Nxe6 fxe6 16. Rfc1 Qb4 17. d4 Bxh6 18. a3 Qd6 19. Qxh6 Qxd4 20. Ra2 Ng4 21. e3 Nxh6 22. exd4 Nf5 23. Ne2 Rfd8 24. Rb2 Ra7 25. Rcb1 Nf8 26. Rxb7 Rxb7 27. Rxb7 Nxd4 28. Nxd4 Rxd4 29.
Bxc6 Kf7 30. Ra7 Rc4 31. Bb5 Rc5 32. Rxa5 Kf6 33. a4 Nd7 34. Ra8 Ne5 35. Rd8 Rc1+ 36. Kg2 Ra1 37. Rd4 g5 38. h3 h5 39. Rb4 Ra2 40. Rd4 Nf7 41. Bd7 Nd6 42. Rb4 e5 43. h4 g4 44. Bc6 e4 45. Bxe4 Ra3 46. Bh7 e5 47. Rb6 Ke7 48. Rb4 Kf6 49. Bg8 Nf5 50.
Kf1 Nd4 51. Bd5 Ra1+ 52. Kg2 Ra3 53. Rb6+ Kg7 54. Ra6 Nf3 55. Bxf3 gxf3+ 56. Kh3 Ra2 57. Ra5 Kf6 58. Ra6+ Kf5 59. Rh6 Rxf2 60. Rxh5+ Ke4 61. Rh8 Rf1 62. Rf8 Ke3 63. Kh2 e4 64. h5 Rc1 65.
h6 Rc6 66. Rh8 f2 67. Kg2 Ke2 68. Rf8 e3 69. a5 Rxh6 70. g4 Rg6 71. a6 Rxa6 72.
g5 Ra1 73. Rf5 Rg1+ 74. Kh2 f1=Q 75. Rxf1 Kxf1 76. g6 Rxg6 77. Kh1 e2 78. Kh2 e1=Q 79. Kh3 Qg3# 0-1

[Event "Late-Titled-Tuesday-Blitz-April-23-2024"]
[Site "Chess.com"]
[Date "2024.04.23"]
[Round "7"]
[White "Licancabur"]
[Black "RobertJFischer71"]
[Result "1-0"]
[WhiteElo "2480"]
[BlackElo "2594"]
[TimeControl "180+1"]
[EndTime "15:20:45 PDT"]
[Termination "Licancabur won by resignation"]

1. d4 d5 2. Bg5 Nf6 3. e3 Ne4 4.
Bf4 Bf5 5. Bd3 Bg6 6. Ne2 e6 7. O-O Be7 8. c4 c6 9. Qc2 O-O 10. a3 Nd7 11. h3 Rc8 12. b4 Re8 13. Nbc3 Nxc3 14. Qxc3 Bf6 15. Bxg6 hxg6 16. Rfd1 e5 17. Bh2 exd4 18. Nxd4 c5 19. bxc5 Rxc5 20. Qb3 Qb6 21. cxd5 Bxd4 22. Qxb6 Nxb6 23. Rxd4 Rxd5 24. Rxd5 Nxd5 25.
Rd1 Nb6 26. Rb1 Re7 27. g4 Rd7 28. Kg2 f6 29. Bg3 g5 30. h4 gxh4 31. Bxh4 Nc4 32. a4 b6 33. Bg3 Rd5 34. Rb4 Rc5 35. Kf1 Kf7 36. Ke2 Ke6 37. Kd3 g5 38. Rxc4 Ra5 39.
Kc3 b5 40. Rc5 Rxa4 41. Rxb5 Rxg4 42. Ra5 f5 43. Bb8 Rg2 44. Ra2 a5 45. Kd4 g4 46. Kd3 Kf6 47. Ke2 Rg1 48. Bg3 Rb1 49. Rxa5 Rb2+ 50. Kf1 Rb4 51. Kg2 Kg5 52. Kf1 Kf6 53.
Kg2 Kg5 54. Rc5 Ra4 55. Bf4+ Kg6 56. Rc6+ Kf7 57. Kg3 Re4 58. Rh6 Ra4 59. Kh4 Ra2 60. Bg3 Kg7 61. Rb6 Ra5 62. Kg5 Rd5 63. Rg6+ Kh7 64.
Rf6 Kg7 65. Rxf5 Rd2 66. Kxg4 Rd7 67. Rg5+ Kf6 68. Rf5+ Ke6 69. Re5+ Kf6 70. Re4 Kg6 71. Rd4 Rf7 72. e4 Kg7 73. e5 Re7 74. f4 Rf7 75. f5 Ra7 76. e6 Ra4 77. Be5+ Kh7 78. Rxa4 1-0

[Event "Late-Titled-Tuesday-Blitz-April-23-2024"]
[Site "Chess.com"]
[Date "2024.04.23"]
[Round "7"]
[White "SerGo055"]
[Black "chedimir"]
[Result "1-0"]
[WhiteElo "2610"]
[BlackElo "2455"]
[TimeControl "180+1"]
[EndTime "15:20:48 PDT"]
[Termination "SerGo055 won on time"]

1. d4 Nf6 2. Nf3 c5 3. c3 e6 4.
Bf4 Qb6 5. Qb3 Nc6 6. e3 cxd4 7.
exd4 Qxb3 8. axb3 d5 9. Nbd2 Be7 10. b4 b6 11. Bb5 Bd7 12. Ba6 Nd8 13. Ne5 Bd6 14.
Nxd7 Kxd7 15. Bb5+ Kc7 16. Bxd6+ Kxd6 17. Ra6 Nc6 18.
Ke2 Nb8 19. Ra3 Kc7 20. Rha1 Kb7 21. Nf3 Ne4 22. Ne5 Nd6 23. Bd3 f6 24. Ng4 b5 25. Ne3 a6 26. Nf1 Nc4 27. R3a2 Nc6 28. Ne3 Nxe3 29. fxe3 e5 30. Bc2 exd4 31. exd4 Rhe8+ 32. Kd2 Re7 33. Bb3 Rd7 34. Re1 a5 35.
bxa5 Rxa5 36. Rxa5 Nxa5 37. Ba2 Nc4+ 38. Kc2 Kc7 39. Re8 Nd6 40. Rh8 Nc4 41. Bxc4 dxc4 42. Rxh7 Kd6 43. Rh5 g5 44. Rh6 Ke6 45. h4 g4 46. Rh5 f5 47. Kd2 Rg7 48. Rh6+ Kd5 49. Ke3 Re7+ 50. Kf4 Re2 51. g3 Rf2+ 52. Kg5 Rxb2 53.
Kxf5 b4 54. cxb4 c3 55. Rh8 Kxd4 56. Rd8+ Ke3 57. Rc8 c2 58. h5 Kf3 59. Rc3+ Kg2 60. h6 Rxb4 61. Rxc2+ Kxg3 62. h7 Rb8 63. Rc3+ Kh4 64.
Rc4 Rf8+ 65. Kg6 Kh3 66. Kg7 Rd8 67. Rf4 g3 68. Rf8 g2 69. Rxd8 1-0

[Event "Late-Titled-Tuesday-Blitz-April-23-2024"]
[Site "Chess.com"]
[Date "2024.04.23"]
[Round "7"]
[White "PepeCuenca"]
[Black "Denmark2015"]
[Result "1/2-1/2"]
[WhiteElo "2809"]
[BlackElo "2616"]
[TimeControl "180+1"]
[EndTime "15:20:49 PDT"]
[Termination "Game drawn by repetition"]

1. d4 e6 2. Bf4 b6 3. Nf3 Bb7 4. e3 Nf6 5. Nbd2 Be7 6. h3 d6 7. Bh2 Nbd7 8. Bd3 O-O 9. O-O c5 10. Re1 Re8 11. c3 Bf8 12. Qc2 Rc8 13. Rad1 Qc7 14.
a4 Qb8 15. Qb1 Qa8 16. Bf1 Rcd8 17. e4 e5 18. d5 g6 19. Nc4 Ba6 20. Ne3 Bc8 21.
Bb5 a6 22. Bc6 Bb7 23. Bxb7 Qxb7 24. b4 Rb8 25. Nd2 b5 26. a5 c4 27. g4 Bh6 28. Ndf1 Rf8 29. h4 Bf4 30. f3 Qa7 31. Kg2 h5 32. g5 Nh7 33. Bxf4 exf4 34. Nc2 Ne5 35. Nd4 Qd7 36. Qc1 Nd3 37. Rxd3 cxd3 38.
Qxf4 Rbc8 39. Nc6 Rxc6 40. dxc6 Qxc6 41. Qd2 Rc8 42. Rc1 d5 43. Qxd3 dxe4 44. Qxe4 Qd6 45. Rc2 Nf8 46. Ng3 Ne6 47. Ne2 Qc7 48. f4 Re8 49. f5 Ng7 50. Qf3 Nxf5 51. Qh3 Re3 52. Qh2 Qc6+ 53. Kf2 Qf3+ 54. Ke1 Ng3 55. Qf2 Rxe2+ 56. Rxe2 Qxc3+ 57. Kd1 Nxe2 58. Qxe2 Qxb4 59. Qe8+ Qf8 60. Qc6 Qd8+ 61. Kc2 Qxa5 62. Qe8+ Kg7 63. Qe5+ Kf8 64. Qd6+ Ke8 65. Qb8+ Kd7 66.
Qf8 Qc7+ 67. Kd3 Kc6 68. Qb4 Kb7 69. Qe4+ Qc6 70. Qe7+ Qc7 71. Qe4+ Ka7 72. Qd4+ Qb6 73. Qd7+ Qb7 74. Qd4+ Ka8 75. Qd8+ Qb8 76. Qd5+ Ka7 77. Qd4+ Qb6 78. Qd7+ Kb8 79. Qe8+ Kb7 80. Qxf7+ Kc8 81.
Qe8+ Kb7 82. Qf7+ Ka8 83. Qg8+ Ka7 84. Qf7+ Ka8 85. Qg8+ Ka7 86. Qf7+ Ka8 1/2-1/2

[Event "Late-Titled-Tuesday-Blitz-April-23-2024"]
[Site "Chess.com"]
[Date "2024.04.23"]
[Round "7"]
[White "nabukatnezarr"]
[Black "masterofpuppets2"]
[Result "1-0"]
[WhiteElo "2624"]
[BlackElo "2479"]
[TimeControl "180+1"]
[EndTime "15:21:00 PDT"]
[Termination "nabukatnezarr won by resignation"]

1. d4 d5 2. c4 e6 3. Nc3 c5 4. e3 Nf6 5. Nf3 Nc6 6. a3 a6 7.
cxd5 exd5 8. g3 c4 9. Bg2 Be7 10.
O-O O-O 11. Ne5 Be6 12. Ne2 Nd7 13. Nf3 b5 14. Nf4 Nf6 15. Ne5 Rc8 16. Bd2 Bf5 17. Nxc6 Rxc6 18. Bb4 Be4 19. f3 Bg6 20. Qd2 Re8 21.
g4 Bd6 22. Bxd6 Qxd6 23. Rfe1 Rcc8 24. h4 h5 25. g5 Nd7 26. Bh3 Rcd8 27. Qb4 Nb6 28.
Qxd6 Rxd6 29. Kf2 Na4 30. Re2 Bd3 31. Rd2 Bg6 32. Bf1 Red8 33. Be2 Rb6 34. Bd1 a5 35. Rc1 Rb7 36. Bxa4 bxa4 37. Kg3 Bf5 38. Nxh5 Rdb8 39. Nf4 Rb5 40. Re1 Bd7 41. Ree2 Kf8 42. e4 Bc6 43.
exd5 Bxd5 44. Re5 Rd8 45. Nxd5 Rbxd5 46. Rxd5 Rxd5 47. Kf4 Ke7 48. Ke4 Kd6 49. Rc2 Rb5 50.
Rxc4 Rxb2 51. Rxa4 Rb5 52. Rc4 f5+ 53. gxf6 gxf6 54.
Rc8 Rh5 55. Rd8+ Ke7 56. Ra8 Rxh4+ 57. f4 Rh5 58. d5 Rh1 59. Rxa5 Re1+ 60. Kf5 Rd1 61.
a4 Rd4 62. Ra7+ Kd6 63. Ra6+ Kxd5 64. a5 Ra4 65. Ra8 Kc6 66. a6 Kc7 67. a7 Kb7 68. Rf8 Kxa7 69. Rxf6 Kb7 70. Rd6 Kc7 71. Rd1 Ra6 72.
Ke5 Ra5+ 73. Ke6 Ra6+ 74. Ke7 Ra4 75. f5 Re4+ 76. Kf7 Re3 77. f6 Re4 78. Kf8 Re2 79. f7 Rf2 80. Rd4 Kc8 81. Ke7 Re2+ 82. Kf6 Rf2+ 83.
Ke6 Re2+ 84. Kf5 Rf2+ 85. Rf4 1-0